 Dungeon Crawl Stone Soup version 0.29.1-13-g9f3cf754e1 (webtiles) character file.

Game seed: 13809919107930889869

1225 H0rd4k the Insei (level 8, -2/55 HPs)
             Began as an Octopode Artificer on Jan 25, 2023.
             Slain by an orc warrior
             ... wielding a +0 hand axe
              (17 damage)
             ... on level 6 of the Dungeon.
             The game lasted 00:08:17 (7909 turns).

H0rd4k the Insei (Octopode Artificer)               Turns: 7909, Time: 00:08:18

Health: -2/55      AC:  1    Str: 11    XL:     8   Next: 47%
Magic:  14/14      EV: 13    Int: 21    God:
Gold:   384        SH:  0    Dex: 13    Spells: 15/15 levels left

rFire   . . .      SeeInvis .     - Unarmed
rCold   . . .      Faith    .   (no shield)
rNeg    . . .      Spirit   .   (helmet restricted)
rPois   .          Reflect  .   (no amulet)
rElec   .          Harm     .   a - +6 ring of intelligence
rCorr   .          Rampage  .   (no ring)
Will    .....                   (no ring)
Stlth   +++.......              (no ring)
HPRegen 0.18/turn               (no ring)
MPRegen 0.14/turn               (no ring)
                                (no ring)
                                (no ring)

@: no status effects
A: almost no armour, amphibious, 8 rings, camouflage 1, gelatinous body 1,
(nimble swimmer 1), tentacles
a: no special abilities


You were on level 6 of the Dungeon.
You visited 1 branch of the dungeon, and saw 6 of its levels.
You also visited: Sewer.

You collected 384 gold pieces.

Inventory:

Missiles
 n - 16 poisoned darts
Magical Staves
 i - a staff of air
 G - a staff of death
Jewellery
 a - a +6 ring of intelligence (left tentacle)
 c - a ring of fire
 y - an amulet of regeneration
Scrolls
 f - a scroll of fear {unknown}
 g - 3 scrolls of teleportation {unknown}
 k - 2 scrolls of vulnerability {unknown}
 l - 4 scrolls of identify {unknown}
 m - a scroll of torment {unknown}
 o - 2 scrolls of enchant weapon {unknown}
 p - a scroll of noise {unknown}
 q - a scroll of immolation {unknown}
 r - a scroll of magic mapping {unknown}
 s - a scroll of poison {unknown}
 w - 2 scrolls of fog {unknown}
 x - a scroll of summoning {unknown}
 C - 2 scrolls of blinking {unknown}
 D - a scroll of amnesia {unknown}
Potions
 e - a potion of lignification {unknown}
 h - 4 potions of attraction {unknown}
 j - 2 potions of cancellation {unknown}
 t - 4 potions of mutation {unknown}
 u - 2 potions of heal wounds {unknown}
 v - a potion of invisibility {unknown}
 z - 3 potions of curing
 A - a potion of degeneration {unknown}
 B - a potion of might {unknown}
 E - 2 potions of haste {unknown}
 F - a potion of ambrosia {unknown}


   Skills:
 * Level 5.1 Fighting
 + Level 1.7 Throwing
 - Level 2.3 Dodging
 - Level 1.3 Stealth
 + Level 6.5 Unarmed Combat
 * Level 4.0 Spellcasting
 - Level 3.2 Evocations


You had 15 spell levels left.
You didn't know any spells.
Your spell library contained the following spells:

 Spells                   Type           Power      Damage    Failure   Level
 Beastly Appendage        Tmut           8%         N/A       12%         1
 Slow                     Hex            16%        N/A       12%         1
 Wereblood                Tmut           4%         N/A       19%         2
 Confusing Touch          Hex            4%         N/A       34%         3
 Portal Projectile        Hex/Tloc       8%         N/A       34%         3
 Spider Form              Tmut/Pois      4%         N/A       34%         3
 Tukima's Dance           Hex            4%         N/A       34%         3
 Vampiric Draining        Necr           4%         2d6       34%         3
 Blade Hands              Tmut           2%         N/A       97%         5


Dungeon Overview and Level Annotations

Branches:
Dungeon (6/15)              Sewer (visited)
 Temple: D:4-7

Altars:
Makhleb

Shops:
D:2 ?   D:4 =

Annotations:
D:4 exclusion: sky beast
D:5 Pikel
D:6 exclusion: upstairs


Innate Abilities, Weirdness & Mutations

You cannot wear most types of armour.
You are amphibious.
You can wear up to eight rings at the same time.
Your skin changes colour to match your surroundings (Stealth+).
Your rubbery body absorbs attacks. (AC +1, EV +1)
((You are camouflaged when in or above water. (Stealth+)))
You have tentacles for arms and can constrict up to eight enemies at once.


Message History

Press: ? - help, Shift-Dir - straight line, f - orc warrior
Aim: an orc warrior, wielding a +0 hand axe and wearing a +0 chain mail (moderately wounded)
The mass of ice explodes!
The iceblast engulfs the orc warrior!
The orc warrior is heavily wounded.
The iceblast engulfs the orc!!
You kill the orc!
The now-empty wand crumbles to dust.
Aiming: Throw Flame
Press: ? - help, Shift-Dir - straight line, f/p - orc warrior
Aim: an orc warrior, wielding a +0 hand axe and wearing a +0 chain mail (heavily wounded, 68% to hit)
The puff of flame hits the orc warrior but does no damage.
The orc warrior is heavily wounded.
The orc warrior hits you with a +0 hand axe.
The puff of flame hits the orc warrior.
The orc warrior is severely wounded.
The orc warrior misses you.
The puff of flame hits the orc warrior.
The orc warrior is severely wounded.
The orc warrior closely misses you.
The puff of flame hits the orc warrior but does no damage.
The orc warrior is severely wounded.
The orc warrior hits you with a +0 hand axe!
The puff of flame misses the orc warrior.
The puff of flame misses the orc.
The now-empty wand crumbles to dust.
The orc warrior hits you with a +0 hand axe.
Nothing quivered!
Nothing quivered!
Nothing quivered!
Unknown command.
Unknown command.
You aren't carrying any items that you can evoke.
Unknown command.
You closely miss the orc warrior. Your grab misses the orc warrior.
You squeeze the orc warrior, but do no damage.
The orc warrior is severely wounded.
The orc warrior hits you with a +0 hand axe!!
* * * LOW HITPOINT WARNING * * *
You feel better.
The orc warrior hits you with a +0 hand axe!
You die...

###....# #.#### #.#
#.# #.# #.# #.#
#.###############.#
#.)oo@............#
###################


You could see an orc warrior and an orc.

Vanquished Creatures
  2 water moccasins
  A centaur (D:5)
  2 phantoms (D:5)
  4 necrophages
  2 scorpions
  3 orc priests
  A jelly (D:5)
  An iguana (D:4)
  Robin (D:3)
  3 gnolls
  6 adders
  2 river rats (D:3)
  An ufetubus (D:5)
  2 worms
  2 dart slugs (D:4)
  11 orcs
  5 ball pythons
  4 bats (D:1)
  7 endoplasms
  6 giant cockroaches
  19 goblins
  9 hobgoblins
  4 jackals
  4 quokkas
  2 frilled lizards
  6 kobolds
  10 rats
120 creatures vanquished.

Vanquished Creatures (collateral kills)
  A gnoll (D:3)
  A dart slug (D:5)
  3 orcs
  A hobgoblin (D:3)
  2 frilled lizards (D:3)
8 creatures vanquished.

Vanquished Creatures (others)
  A scorpion (D:5)
  A gnoll (D:3)
  An adder (D:3)
  An orc (D:3)
4 creatures vanquished.

Grand Total: 132 creatures vanquished

Notes
Turn   | Place    | Note
-------+----------+-------------------------------------------
     0 | D:1      | H0rd4k the Octopode Artificer began the quest for the Orb.
     0 | D:1      | Reached XP level 1. HP: 13/13 MP: 1/1
   307 | D:1      | Reached skill level 1 in Spellcasting
   307 | D:1      | Reached XP level 2. HP: 15/18 MP: 3/3
  1521 | D:2      | Reached XP level 3. HP: 11/24 MP: 5/5
  2074 | D:2      | Reached skill level 1 in Unarmed Combat
  2288 | D:2      | Found Rakhurph's Magic Scroll Boutique.
  2780 | D:3      | HP: 1/24 [poisoned by a kobold]
  2826 | D:3      | Reached XP level 4. HP: 14/29 MP: 6/6
  2855 | D:3      | Found a burning altar of Makhleb.
  2918 | D:3      | Reached skill level 2 in Unarmed Combat
  2980 | D:3      | Found a glowing drain.
  3154 | Sewer    | Entered a sewer
  3294 | Sewer    | Noticed a water moccasin
  3304 | Sewer    | Killed a water moccasin
  3305 | Sewer    | Reached skill level 3 in Unarmed Combat
  3305 | Sewer    | Reached XP level 5. HP: 36/36 MP: 7/9
  3305 | Sewer    | Reached XP level 6. HP: 42/42 MP: 7/10
  4033 | D:3      | Noticed Robin
  4040 | D:3      | Killed Robin
  4747 | D:4      | Reached skill level 4 in Unarmed Combat
  4967 | D:4      | Reached XP level 7. HP: 31/47 MP: 11/11
  6623 | D:4      | Found Gewkuma's Jewellery Emporium.
  6698 | D:5      | Entered Level 5 of the Dungeon
  6712 | D:5      | Reached skill level 5 in Unarmed Combat
  6805 | D:5      | Reached skill level 1 in Throwing
  6983 | D:5      | Reached XP level 8. HP: 54/54 MP: 13/13
  7129 | D:5      | Reached skill level 6 in Unarmed Combat
  7552 | D:5      | Reached skill level 5 in Fighting
  7770 | D:5      | Noticed Pikel
  7909 | D:6      | Slain by an orc warrior

Illustrated notes

Levels and vault maps discovered:
D:1:      minmay_arrival_doors, layout_loops_ring
D:2:      layout_basic, serial_shops, shop, minmay_unequal
D:3:      kennysheep_goblin_castle, layout_rooms, lemuel_tele_altar,
          portal_sewer_entry_e
D:4:      minmay_diamond_boxcup, layout_basic, serial_shops,
          nicolae_lakefront_shop, minmay_misc_feat_four_crosses
D:5:      layout_cave_pools, uniq_pikel
D:6:      layout_basic, minivault_26

Skill      XL: |  1  2  3  4  5  6  7  8 |
---------------+-------------------------+-----
Spellcasting   | 1 2 3 4 |  4.0
Fighting       | 2 3 4 5 |  5.1
Unarmed Combat | 1 3 4 5 6 |  6.5
Throwing       | 1 |  1.7
Dodging        | |  2.3
Stealth        | |  1.3
Evocations     | |  3.2

Action                   |  1- 3 |  4- 6 |  7- 9 || total
-------------------------+-------+-------+-------++-------
Melee: Unarmed           |    96 |    93 |   101 ||   290
       Constrict         |    25 |    22 |    26 ||    73
       Tentacles         |    25 |    18 |    21 ||    64
       Punch             |       |     4 |     6 ||    10
Throw: Dart              |       |     9 |     7 ||    16
Evoke: Wand              |     6 |    24 |    34 ||    64
  Use: Potion            |     1 |     1 |     2 ||     4
 Stab: Sleeping          |    11 |     2 |     2 ||    15
Armor: Skin              |    10 |     6 |     4 ||    20
Dodge: Dodged            |    50 |    79 |    68 ||   197
